 Dungeon Crawl Stone Soup version 0.28-a0-804-g60983d4ba9 (webtiles) character file.

Game seed: 9631293459626301152

286 iamoutofideas the Magician (level 6, -2/42 HPs)
             Began as a Demonspawn Fire Elementalist on Nov 7, 2021.
             Slain by Edmund (15 damage)
             ... on level 3 of the Dungeon.
             The game lasted 00:05:31 (4359 turns).

iamoutofideas the Magician (DsFE)                   Turns: 4359, Time: 00:05:31

Health: -2/42      AC:  6    Str:  8    XL:     6   Next: 8%
Magic:  2/12       EV: 12    Int: 19    God:
Gold:   111        SH:  0    Dex: 13    Spells: 6/13 levels left

rFire   + . .      SeeInvis +   d - +1 dagger (venom)
rCold   x . .      Faith    .   (no shield)
rNeg    . . .      Spirit   .   a - +0 robe
rPois   .          Reflect  .   (no helmet)
rElec   .          Harm     .   j - +0 cloak
rCorr   .          Rampage  .   k - +0 pair of gloves
Will    .....                   (no boots)
Stlth   +.........              (no amulet)
HPRegen 0.14/turn               e - ring of fire
MPRegen 0.13/turn               g - ring of see invisible

@: very slow
A: thin metallic scales 1, weakness stinger 1
a: no special abilities


You were on level 3 of the Dungeon.
You visited 1 branch of the dungeon, and saw 4 of its levels.

You collected 111 gold pieces.

Inventory:

Hand Weapons
 d - a +1 dagger of venom (weapon)
Armour
 a - a +0 robe (worn)
 b - a +0 buckler of protection
 j - a +0 cloak (worn)
 k - a +0 pair of gloves (worn)
Jewellery
 e - a ring of fire (left hand)
 g - a ring of see invisible (right hand)
Scrolls
 f - a scroll of brand weapon {unknown}
 i - 2 scrolls of teleportation {unknown}
 m - 3 scrolls of identify {unknown}
 n - a scroll of enchant weapon {unknown}
Potions
 c - a potion of resistance {unknown}
 h - a potion of curing {unknown}
 l - a potion of invisibility {unknown}
 o - a potion of berserk rage {unknown}
 p - a potion of degeneration {unknown}
 q - a potion of haste


   Skills:
 + Level 0.4 Fighting
 + Level 0.8 Short Blades
 + Level 2.2 Dodging
 - Level 1.7 Stealth
 * Level 4.1 Spellcasting
 + Level 2.4 Conjurations
 + Level 4.0 Fire Magic


You had 6 spell levels left.
You knew the following spells:

 Your Spells              Type           Power      Damage    Failure   Level
a - Foxfire               Conj/Fire      96%        2x1d8     3%          1
b - Scorch                Fire           56%        2d7       3%          2
c - Flame Wave            Conj/Fire      24%        3d6       34%         4

Your spell library contained the following spells:

 Spells                   Type           Power      Damage    Failure   Level
 Conjure Flame            Conj/Fire      24%        6-21      11%         3
 Inner Flame              Hex/Fire       17%        N/A       19%         3
 Sublimation of Blood     Necr           3%         N/A       21%         2
 Dazzling Flash           Conj/Hex       16%        N/A       24%         3
 Portal Projectile        Hex/Tloc       6%         N/A       38%         3
 Iskenderun's Mystic Bla  Conj/Tloc      8%         2d4       63%         4
 Petrify                  Tmut/Erth      3%         N/A       80%         4
 Irradiate                Conj/Tmut      4%         3d14      92%         5
 Blade Hands              Tmut           1%         N/A       98%         5
 Excruciating Wounds      Necr           1%         N/A       98%         5
 Starburst                Conj/Fire      12%        6d5       99%         6


Dungeon Overview and Level Annotations

Branches:
Dungeon (4/15)
 Temple: D:4-7

Altars:
Gozag

Shops:
D:2 (

Annotations:
D:3 Edmund


Innate Abilities, Weirdness & Mutations

You are partially covered in thin metallic scales. (AC +2)
You have a small tail.


Message History

Edmund hits you with a +6 flail of protection!
Unknown command.
Unknown command.
Edmund hits you with a +6 flail of protection!
Casting: Scorch (safe; 3% risk of failure)
Confirm with . or Enter, or press ? or * to list all spells.
You feel a surge of power!
Flames lash Edmund but do no damage.
Edmund hits you with a +6 flail of protection.
Edmund asks, "Have you met my wondrous brother?"
Edmund grinds his teeth, and then sighs.
Casting: Scorch (safe; 3% risk of failure)
Confirm with . or Enter, or press ? or * to list all spells.
You feel a surge of power!
Flames lash Edmund.
Edmund is heavily wounded.
Edmund's fire resistance burns away.
Edmund hits you with a +6 flail of protection.
There is a stone staircase leading up here.
Edmund is no longer more vulnerable to fire.
Edmund hits you with a +6 flail of protection!
* * * LOW HITPOINT WARNING * * *
You climb upwards.
There is a stone staircase leading down here.
Unknown command.
You enter the shallow water.
Moving in this stuff is going to be slow.
Casting: Scorch (safe; 3% risk of failure)
Confirm with . or Enter, or press ? or * to list all spells.
You feel a surge of power!
You conjure some foxfire!
Edmund says, "I might not be good at magic, but I can still kill you!"
Edmund closely misses you.
The foxfire hits Edmund but does no damage.
Edmund is heavily wounded.
The foxfire hits Edmund but does no damage.
Edmund is heavily wounded.
Edmund is engulfed in a cloud of scalding steam.
You enter the shallow water.
Moving in this stuff is going to be slow.
Edmund says, "People accused me of being a cutpurse!"
Edmund hits you with a +6 flail of protection!
You die...

#......# #.# #.# ##.##
#..###.####.# #.#####.#.#####
#..# #......# #.##.#.###.....
#..###.###..######.#.#.#.#.#####
#......#......≈.....###.#.##
#....###.#..≈≈≈≈.#.## ##..#####
##.>.# #.##P.≈§.§.## #......#
#...# #.##..≈≈≈@..## ##..###.#
#...# #.##..≈≈@.##.###.#.# #.#
#...###.##P..≈..##....##.# #.#
#.......####...#..#......# #.#
#............##.##....#### #.#
#.####..#######.##.#.## #.#
#.####..#.......##...#######.#
###....#..#.########...........#
............#### #.#.#########
.#####.#.......# ##.#.#


You could see Edmund.

Vanquished Creatures
  3 orc priests
  A scorpion zombie (D:3)
  2 hound skeletons (D:3)
  A hound zombie (D:3)
  Robin (D:2)
  2 adders (D:2)
  An adder skeleton (D:3)
  A worm (D:2)
  2 dart slugs (D:1)
  4 orcs
  6 ball pythons
  9 endoplasms
  3 giant cockroaches
  16 goblins
  6 hobgoblins
  3 jackals
  2 quokkas
  A ball python skeleton (D:3)
  A ball python zombie (D:3)
  3 bats
  5 frilled lizards
  A jackal skeleton (D:3)
  11 kobolds
  2 quokka zombies (D:3)
  4 rats
91 creatures vanquished.

Vanquished Creatures (collateral kills)
  5 foxfires (D:3)
5 creatures vanquished.

Vanquished Creatures (others)
  297 foxfires
  2 withered plants (D:3)
299 creatures vanquished.

Grand Total: 395 creatures vanquished

Notes
Turn   | Place    | Note
-------+----------+-------------------------------------------
     0 | D:1      | iamoutofideas the Demonspawn Fire Elementalist began the
                  | quest for the Orb.
     0 | D:1      | Reached XP level 1. HP: 13/13 MP: 3/3
   221 | D:1      | Gained mutation: You are partially covered in thin metallic
                  | scales. (AC +2) [demonic ancestry]
   221 | D:1      | Reached XP level 2. HP: 19/19 MP: 1/5
  1193 | D:1      | Reached XP level 3. HP: 24/24 MP: 2/6
  1281 | D:2      | Found an opulent altar of Gozag.
  1701 | D:2      | Found Apnoluv's Antique Weapon Emporium.
  1739 | D:2      | Learned a level 2 spell: Scorch
  2011 | D:2      | Gained mutation: You have a small tail. [demonic ancestry]
  2011 | D:2      | Reached XP level 4. HP: 30/30 MP: 4/8
  2131 | D:2      | Noticed Robin
  2154 | D:2      | Killed Robin
  2394 | D:2      | Learned a level 4 spell: Flame Wave
  2664 | D:2      | Reached XP level 5. HP: 35/35 MP: 6/9
  4007 | D:3      | Reached XP level 6. HP: 36/42 MP: 0/12
  4318 | D:4      | Noticed Edmund
  4359 | D:3      | Slain by Edmund

Illustrated notes

Levels and vault maps discovered:
D:1:      nzn_arrival_settlement, layout_loops_ring
D:2:      layout_rooms, serial_shops, shop, basic_altar,
          minmay_fractal_squares_gapless_5, uniq_robin
D:3:      layout_loops_ring, serial_undead, serial_undead_f, serial_undead_a,
          serial_undead_b, serial_undead_a, serial_undead_f, serial_undead_e,
          serial_undead_f
D:4:      corexii_shantytown, layout_basic, uniq_menkaure, uniq_edmund,
          uniq_grinder

Skill      XL: |  1  2  3  4  5  6 |
---------------+-------------------+-----
Fire Magic     | 3 4 |  4.0
Dodging        | 2 |  2.2
Conjurations   | 2 |  2.4
Spellcasting   | 3 4 |  4.1
Fighting       | |  0.4
Short Blades   | |  0.8
Stealth        | |  1.7

Action                   |  1- 3 |  4- 6 || total
-------------------------+-------+-------++-------
Melee: Dagger            |     6 |    32 ||    38
       Tailslap          |       |     7 ||     7
 Cast: Foxfire           |    89 |   110 ||   199
       Scorch            |       |    12 ||    12
Armor: Robe              |    15 |    25 ||    40
Dodge: Dodged            |    29 |    40 ||    69

Table legend: (Time is in decaauts)
 A = Elapsed time spent in this place.
 B = Non-inter-level travel time spent in this place.
 C = Inter-level travel time spent in this place.
 D = Time resting spent in this place.
 E = Time spent auto-exploring this place.
 F = Levels seen in this place.
 G = Mean time per level.
                   A        B        C        D        E       F      G
               +--------+--------+--------+--------+--------+-----+--------+
         Total |   4364 |   4186 |    178 |    861 |   2603 |   4 | 1091.0 |
       Dungeon |   4364 |   4186 |    178 |    861 |   2603 |   4 | 1091.0 |
               +--------+--------+--------+--------+--------+-----+--------+

Top non-repeatable levels by time:
     D:1: 1583 daAuts
     D:3: 1376 daAuts
     D:2: 1361 daAuts
     D:4: 42 daAuts
